AoeStats
← GM.Matheus

Fortress

508358622Analyzed
3v3 RM · 10d ago on Sep 22, 2026· 56m 6s· 6 players
Game mode
Random Map
Map size
Large (8 player)
Population
200
Speed
Normal
Resources
Standard
Victory
Conquest
Starting age
Dark Age
Ending age
Imperial Age
RankedLock teamsTeams togetherTeam positionsShared explorationLock speedFull tech treeHidden civsTurbo modeCheats
Victory
Defeat
🇺🇸 Tupi · United States
1024
+15
🇲🇽 Aztecs · Mexico
998
+16
🇲🇽 Wu · Mexico
988
+17
🇧🇷 Persians · Brazil
1008
-16
🇧🇷 Franks · Brazil
1003
-16
🇧🇷 Romans · Brazil
1001
-16
shabolobodingdong
9:02 Feudal Age
10:48 Loom
13:38 Castle Age
12:11 Double-Bit Axe
12:14 Horse Collar
12:28 Stone Mining
13:08 Gold Mining
17:07 Bow Saw
18:30 Gold Shaft Mining
19:35 Heavy Plow
25:38 Fletching
30:15 Imperial Age
31:52 Bodkin Arrow
34:46 Imperial Age
32:24 Padded Archer Armor
34:45 Ballistics
35:32 Wheelbarrow
35:36 Bracer
39:11 Elite Blackwood Archer
44:20 Illumination
44:40 Champi Runner
45:21 Squires
45:12 Arson
46:02 Squires
45:26 Champi Warrior
46:19 Elite Champi Warrior
JosephFasterconquer
0:41 Loom
7:55 Feudal Age
12:30 Castle Age
10:35 Horse Collar
11:58 Fletching
12:23 Double-Bit Axe
15:36 Red Cliffs Tactics
18:58 Bodkin Arrow
22:13 Forging
23:26 Wheelbarrow
22:54 Padded Archer Armor
27:13 Ballistics
28:54 Hand Cart
28:25 Town Watch
30:41 Squires
30:27 Arson
31:30 Town Patrol
35:42 Imperial Age
37:34 Conscription
37:55 Leather Archer Armor
37:41 Bracer
38:43 Chemistry
40:01 Elite Fire Archer
41:55 Pikeman
44:18 Halberdier
50:59 Iron Casting
50:24 Scale Mail Armor
50:30 Scale Barding Armor
antonio35604
5:43 Feudal Age
11:39 Castle Age
9:44 Horse Collar
10:35 Double-Bit Axe
14:33 Town Watch
16:31 Gold Mining
19:24 Wheelbarrow
20:02 Bow Saw
20:18 Heavy Plow
24:22 Imperial Age
22:53 Loom
23:27 Hand Cart
23:25 Pikeman
24:19 Forging
24:09 Scale Mail Armor
24:41 Stone Mining
25:27 Squires
26:50 Iron Casting
29:14 Blast Furnace
29:49 Chain Mail Armor
33:35 Garland Wars
33:37 Conscription
34:13 Arson
35:27 Siege Engineers
36:23 Chemistry
35:44 Ballistics
35:05 Treadmill Crane
35:58 Plate Mail Armor
35:30 Padded Archer Armor
36:09 Crop Rotation
46:55 Elite Jaguar Warrior
53:17 Gambesons
52:53 Man-at-Arms
55:36 Spies/Treason
GM.Matheus
7:09 Feudal Age
12:36 Castle Age
11:04 Stone Mining
16:53 Fletching
17:08 Gold Mining
17:09 Double-Bit Axe
22:52 Loom
23:43 Wheelbarrow
22:53 Town Watch
26:16 Imperial Age
24:34 Husbandry
33:01 Hand Cart
38:01 Bow Saw
37:46 Light Cavalry
39:40 Scale Barding Armor
43:13 Town Patrol
43:51 Caravan
44:23 Coinage
44:50 Forging
47:16 Chain Barding Armor
47:58 Iron Casting
48:23 Banking
49:15 Plate Barding Armor
GM.Milinhox
7:53 Feudal Age
12:01 Castle Age
10:19 Double-Bit Axe
11:33 Gold Mining
12:58 Bow Saw
17:25 Ballistas
19:33 Ballistics
21:52 Horse Collar
31:59 Imperial Age
30:08 Wheelbarrow
29:19 Loom
29:19 Town Watch
30:53 Scale Barding Armor
31:20 Heavy Plow
32:01 Caravan
32:14 Heavy Scorpion
33:11 Husbandry
39:20 Chemistry
40:27 Cavalier
41:17 Bloodlines
42:57 Chain Barding Armor
44:47 Scale Mail Armor
44:10 Pikeman
44:50 Squires
44:45 Man-at-Arms
46:09 Conscription
45:28 Long Swordsman
46:25 Chain Mail Armor
46:49 Legionary
48:46 Forging
50:53 Iron Casting
GAX | Tales
7:31 Feudal Age
11:23 Castle Age
9:40 Double-Bit Axe
10:25 Horse Collar
14:11 Bow Saw
15:44 Wheelbarrow
19:49 Hand Cart
20:07 Gold Mining
24:22 Imperial Age
21:44 Loom
23:10 Scale Barding Armor
23:16 Forging
23:25 Heavy Plow
24:46 Chain Barding Armor
27:42 Iron Casting
28:26 Plate Barding Armor
31:16 Blast Furnace
30:24 Elite War Elephant
31:34 Bloodlines
32:02 Husbandry
35:29 Light Cavalry
37:24 Fletching
43:13 Bodkin Arrow
44:16 Thumb Ring
43:31 Crossbowman
43:56 Crossbowman
44:48 Padded Archer Armor
45:21 Kamandaran
48:35 Chemistry
49:07 Leather Archer Armor
Connection lost

Rejoining the realm…

Still unreachable

The connection could not be restored.

Session expired

The server has moved on; the page needs a fresh start.